 Dungeon Crawl Stone Soup version 0.15-a0-877-g2926600 (webtiles) character file.

39577 4tharraofdagon the Conjurer (level 13, -18/71 HPs)
             Began as a High Elf Fire Elementalist on May 17, 2014.
             Was the Champion of Vehumet.
             Shot with a bolt by an orc knight (22 damage)
             ... on Level 4 of the Orcish Mines.
             The game lasted 01:26:38 (7339 turns).

4tharraofdagon the Conjurer (HEFE)                  Turns: 7339, Time: 01:26:38

HP -18/71        AC  8     Str 10      XL: 13   Next: 70%
MP  19/35        EV 13     Int 24      God: Vehumet [******]
Gold 444         SH  0     Dex 18      Spells:  5 memorised, 17 levels left

rFire  + . .     SeeInvis .     R - staff of energy
rCold  x . .     Clarity  .     a - +0 robe
rNeg   . . .     Conserve +     (no shield)
rPois  .         rCorr    .     (no helmet)
rElec  .         rRot     .     J - +0 cloak
SustAb .         Spirit   .     j - +1 pair of gloves
rMut   .         Warding  .     D - +2 pair of boots of an ice cave {Str+3 Dex+1}
Gourm  .         Stasis   .     r - amulet of conservation
MR     +....                    B - ring of regeneration
                                p - ring of fire

@: somewhat resistant to hostile enchantments, unstealthy
A: no striking features
a: Renounce Religion


You were on level 4 of the Orcish Mines.
You worshipped Vehumet.
Vehumet was exalted by your worship.
You were not hungry.

You visited 4 branches of the dungeon, and saw 24 of its levels.

You collected 1322 gold pieces.
You spent 878 gold pieces at shops.

Inventory:

Hand weapons
 w - the +5,+7 hammer of Harig {venom, rElec Dex+2 SInv}
   (You found it on level 5 of the Dungeon)

   It poisons the flesh of those it strikes.
   It affects your dexterity (+2).
   It insulates you from electricity.
   It enhances your eyesight.
Missiles
 o - a dart (quivered)
Armour
 a - a +0 robe (worn)
 f - the +2 buckler of the Game of Kings {Str-3 Int+4}
   (You found it on level 8 of the Lair of Beasts)

   It affects your strength (-3).
   It affects your intelligence (+4).
 j - a +1 pair of gloves (worn)
 D - the +2 pair of boots of an ice cave (worn) {Str+3 Dex+1}
   (You bought it in a shop on level 10 of the Dungeon)

   It affects your strength (+3).
   It affects your dexterity (+1).
 J - a +0 cloak (worn)
Magical devices
 A - a wand of digging (16)
 U - a wand of disintegration (23)
Comestibles
 c - 6 bread rations
 k - 7 meat rations
 L - a royal jelly
Scrolls
 e - 5 scrolls of teleportation
 h - 5 scrolls of remove curse
 l - 2 scrolls of fear
 q - 2 scrolls of identify
 z - a scroll of amnesia
 H - a scroll of fog
 M - 3 scrolls of blinking
Jewellery
 d - the ring "Giqeh" {rC+ Dex+2 Int-1}
   (You bought it in a shop on level 10 of the Dungeon)

   [ring of protection from cold]

   It affects your intelligence (-1).
   It affects your dexterity (+2).
   It protects you from cold.
 i - an uncursed ring of protection from cold
 p - a ring of fire (left hand)
 r - an amulet of conservation (around neck)
 x - the ring "Phus" {Fire Str-5 Int+3}
   (You bought it in a shop on level 10 of the Dungeon)

   [ring of fire]

   It enhances your fire magic, and weakens your ice magic.
   It affects your strength (-5).
   It affects your intelligence (+3).
   It protects you from fire.
   It makes you vulnerable to cold.
 B - a ring of regeneration (right hand)
 P - an uncursed ring of positive energy
Potions
 g - 4 potions of curing
 m - 2 potions of agility
 n - 4 potions of restore abilities
 s - a potion of heal wounds
 t - 2 potions of haste
 u - a potion of brilliance
 v - 2 potions of flight
 I - 2 potions of resistance
Books
 b - a book of Flames

   Spells                             Type                      Level
   *Flame Tongue                      Conjuration/Fire             1
   Throw Flame                        Conjuration/Fire             2
   *Conjure Flame                     Conjuration/Fire             3
   Inner Flame                        Hexes/Fire                   3
   *Sticky Flame                      Conjuration/Fire             4
   *Fireball                          Conjuration/Fire             5
 C - a Necronomicon {highlevel}

   This book is beyond your current level of understanding.

   Spells                             Type                      Level
   Haunt                              Necromancy/Summoning         7
   Borgnjor's Revivification          Necromancy                   8
   Death's Door                       Charms/Necromancy            8
   Necromutation                      Transmutation/Necromancy     8
Magical staves
 y - an uncursed staff of fire
 G - an uncursed staff of poison
 R - an uncursed staff of energy (weapon)
Rods
 E - a +0 rod of ignition (14/14)
   (You found it on level 1 of the Lair of Beasts)


   Skills:
 - Level 2.1 Dodging
 - Level 2.1 Stealth
 + Level 12.5 Spellcasting
 + Level 13.5 Conjurations
 * Level 12.8 Fire Magic
 - Level 12.0 Evocations


You had 17 spell levels left.
You knew the following spells:

 Your Spells              Type           Power        Failure   Level  Hunger
a - Flame Tongue          Conj/Fire      #####        1%          1    None
b - Conjure Flame         Conj/Fire      #######.     1%          3    None
c - Sticky Flame          Conj/Fire      #######.     1%          4    None
d - Fireball              Conj/Fire      #######...   1%          5    None
e - Orb of Destruction    Conj           ######....   4%          7    None


Dungeon Overview and Level Annotations

Branches:
Dungeon (11/15)            Temple (1/1) D:6             Orc (4/4) D:11
   Lair (8/8) D:8           Slime (0/6) Lair:8
    Elf: Orc:3-4      Swamp: Lair:3-6    Shoals: Lair:3-6     Snake: Lair:3-6
 Spider: Lair:3-6

Altars:
Ashenzari
Cheibriados
Dithmenos
Fedhas
Gozag
Kikubaaqudgha
Makhleb
Nemelex Xobeh
Okawaru
Qazlal
Sif Muna
Trog
Vehumet
Xom
Yredelemnul
Zin
The Shining One
Beogh

Shops:
D:5 ?   D:8 (   D:9 *   D:10 ?*:[   D:11 (   Orc:4 :}

Annotations:
Lair:4 HYDRA POND!!!!!!!!!!
Lair:5 NAGA PITS
Lair:8 JELLYBEAN HOMESTEAD


Message History

An orc comes into view. It is wielding a mace.
The orc warrior burns!
You kill the orc warrior!
Vehumet accepts your kill.
You feel your power returning.
The orc knight roars a battle-cry!
The orc warrior goes into a battle-frenzy!
An orc warrior comes into view. It is wielding a glowing battleaxe.
Unknown command.
Casting: Fireball
Confirm with . or Enter, or press ? or * to list all spells.
Aiming: Fireball
Press: ? - help, Shift-Dir - straight line, f/p - orc knight
Aim: an orc knight, wielding a crossbow of frost and wearing a plate armour (lightly wounded)
You feel a surge of power!
The fireball explodes!
The fireball engulfs the orc knight.
The orc knight is heavily wounded.
The orc knight shoots a bolt.
The bolt hits you! The bolt freezes you!
* * * LOW HITPOINT WARNING * * *
You die...

..... ....##### # # .....
... ... .... .... ... ...
... ##..# #.# #.# ..# .#..#
#.# #.# ..#
.#..#######)###.###).#
[#......)..).%.......#
##..###.###%.)...().o##'###
%...# #.# #..8..@8...oo)...
###.# #.# #..........##o###
..#.# #.# #.###'###..#
..#.. ......#..... ..#
..#.###.###.#..... ..#
..#.# #.# #.#.._.. ..#
###.# #.# #.#######..#
..... ... ... .. . .


You could see an orc knight, 2 orc warriors and an orc (frenzied).

Vanquished Creatures
  2 ettins (Orc:4)
  2 hydras
  Erica (D:11)
  5 death yaks (Lair:8)
  A deep troll shaman (Lair:8)
  A catoblepas (Lair:8)
  A hill giant (D:10)
  7 orc knights
  A lindwurm (Lair:8)
  2 griffons
  A manticore (Lair:6)
  A cyclops (D:11)
  5 elephants (Lair:8)
  4 komodo dragons
  5 spiny frogs
  7 fire drakes
  2 polar bears (Lair:8)
  Sonja (Orc:2)
  3 slime creatures (D:10)
  A brown ooze (Lair:8)
  A basilisk (Lair:8)
  10 blink frogs
  A wraith (D:11)
  7 wyverns (Lair:6)
  16 yaks
  7 ugly things
  Grum (D:10)
  13 hippogriffs
  9 wolves
  5 water moccasins
  31 orc warriors
  7 wargs
  2 porcupines
  A sky beast (D:5)
  2 black bears
  5 ogres
  8 crocodiles
  2 boring beetles
  2 centaurs
  3 giant slugs
  A big kobold (D:10)
  A brain worm (Lair:6)
  9 giant frogs
  5 scorpions
  3 electric eels
  A crimson imp (D:11)
  2 centaur zombies
  A goliath beetle (D:10)
  9 iguanas
  4 hounds
  Crazy Yiuf (D:5)
  3 jellies
  12 orc wizards
  A big fish (Lair:8)
  11 orc priests
  5 worker ants
  7 sheep
  An ogre skeleton (D:4)
  2 giant mites
  13 adders
  47 green rats
  3 shadow imps
  2 worms
  3 giant geckos
  3 oozes
  89 orcs
  12 bats
  A bat skeleton (D:2)
  A gnoll zombie (D:8)
  9 hobgoblins
  15 jackals
  9 quokkas
  A ball python (D:6)
  2 giant cockroaches
  A giant gecko zombie (D:2)
  3 giant newts (D:1)
  A gnoll skeleton (D:8)
  6 goblins
  A goblin skeleton (D:5)
  A goblin zombie (D:2)
  A jackal skeleton (D:2)
  12 kobolds
  4 orc skeletons
  17 rats
  A rat zombie (D:2)
  A bush (Lair:8)
  3 fungi
  A plant (Lair:8)
528 creatures vanquished.

Vanquished Creatures (collateral kills)
  A water moccasin (Lair:7)
  A giant frog (Lair:7)
  4 green rats (Lair:7)
6 creatures vanquished.

Vanquished Creatures (others)
  A worker ant zombie (D:9)
  12 fungi
  4 plants (Lair:8)
17 creatures vanquished.

Grand Total: 551 creatures vanquished

Notes
Turn   | Place    | Note
--------------------------------------------------------------
     0 | D:1      | 4tharraofdagon, the High Elf Fire Elementalist, began the quest for the Orb.
     0 | D:1      | Reached XP level 1. HP: 11/11 MP: 4/4
   171 | D:1      | Reached XP level 2. HP: 10/17 MP: 3/6
   389 | D:2      | Reached XP level 3. HP: 21/21 MP: 0/8
   394 | D:2      | Learned a level 3 spell: Conjure Flame
   760 | D:5      | Entered Level 5 of the Dungeon
   799 | D:5      | Noticed a scorpion
   821 | D:5      | Killed a scorpion
   821 | D:5      | Reached skill level 4 in Fire Magic
   821 | D:5      | Reached XP level 4. HP: 27/27 MP: 0/12
   836 | D:5      | Learned a level 4 spell: Sticky Flame
   946 | D:6      | Noticed an orc warrior
  1098 | D:5      | Noticed Crazy Yiuf
  1114 | D:5      | Killed Crazy Yiuf
  1114 | D:5      | Reached XP level 5. HP: 16/31 MP: 0/14
  1138 | D:5      | Got a jewelled hammer
  1144 | D:5      | Identified the +5,+7 hammer of Harig {venom, rElec Dex+2 SInv} (You found it on level 5 of the Dungeon)
  1182 | D:5      | Noticed a scorpion
  1188 | D:5      | Killed a scorpion
  1238 | D:5      | Found Cahatzirr's Magic Scroll Boutique.
  1245 | D:5      | Bought a scroll of teleportation for 42 gold pieces
  1245 | D:5      | Bought a scroll of magic mapping for 49 gold pieces
  1245 | D:5      | Bought a scroll of magic mapping for 49 gold pieces
  1271 | D:5      | Reached skill level 5 in Fire Magic
  1277 | D:5      | Reached XP level 6. HP: 36/36 MP: 3/17
  1301 | D:4      | Noticed an earth elemental
  1304 | D:4      | Found a stormy altar of Qazlal.
  1305 | D:4      | Noticed a water elemental
  1305 | D:4      | Noticed an air elemental
  1305 | D:4      | Noticed a fire elemental
  1454 | D:5      | Noticed a sky beast
  1481 | D:5      | Killed a sky beast
  1615 | D:6      | Found a staircase to the Ecumenical Temple.
  1624 | Temple   | Entered the Ecumenical Temple
  1667 | Temple   | Became a worshipper of Vehumet
  1704 | D:6      | Reached skill level 5 in Conjurations
  1820 | D:5      | Reached XP level 7. HP: 34/41 MP: 1/19
  1905 | D:6      | Noticed a giant frog
  1908 | D:6      | Killed a giant frog
  2074 | D:6      | Learned a level 5 spell: Fireball
  2119 | D:7      | Reached skill level 6 in Fire Magic
  2197 | D:7      | Reached skill level 5 in Spellcasting
  2247 | D:8      | Lua error: /crawl-master/crawl-git-29266000b1/data/dat/des/altar/overflow.des:3168: Bad NSUBST spec: B : w_generic_3:B / *:x (Illegal spec: w_generic_3:B) x25 _A gnoll skeleton comes into view.
  2294 | D:8      | Found Geoggubi's Antique Weapon Boutique.
  2296 | D:8      | Acquired Vehumet's first power
  2296 | D:8      | Offered knowledge of Magic Dart by Vehumet.
  2297 | D:8      | #1
  2347 | D:8      | Reached XP level 8. HP: 41/46 MP: 9/24
  2375 | D:8      | Found an iron altar of Okawaru.
  2375 | D:8      | Found a sparkling altar of Nemelex Xobeh.
  2376 | D:8      | Found a glowing silver altar of Zin.
  2385 | D:8      | Found a staircase to the Lair.
  2416 | Lair:1   | Entered Level 1 of the Lair of Beasts
  2438 | Lair:1   | Identified a cursed +0 rod of ignition (14/14) (You found it on level 1 of the Lair of Beasts)
  2621 | Lair:1   | Reached skill level 7 in Spellcasting
  2629 | Lair:1   | Reached skill level 8 in Spellcasting
  2632 | Lair:1   | Reached XP level 9. HP: 36/51 MP: 5/28
  2688 | Lair:1   | Noticed a spiny frog
  2705 | Lair:1   | Killed a spiny frog
  2925 | Lair:2   | Reached skill level 9 in Spellcasting
  3033 | Lair:2   | Offered knowledge of Shock by Vehumet.
  3042 | Lair:2   | Reached skill level 10 in Spellcasting
  3147 | Lair:2   | Reached skill level 1 in Evocations
  3188 | Lair:2   | Noticed a komodo dragon
  3210 | Lair:2   | Killed a komodo dragon
  3211 | Lair:2   | Oh ANCIENT KAA THE SOULLESS!
  3246 | Lair:2   | Reached XP level 10. HP: 56/56 MP: 23/30
  3282 | Lair:2   | Reached skill level 5 in Evocations
  3311 | Lair:2   | Noticed a spiny frog
  3322 | Lair:2   | Killed a spiny frog
  3383 | Lair:2   | good time to id blink
  3426 | Lair:3   | Offered knowledge of Dazzling Spray by Vehumet.
  3433 | Lair:3   | Acquired Vehumet's second power
  3503 | Lair:3   | stay positive
  3660 | Lair:3   | Noticed a griffon
  3669 | Lair:3   | Offered knowledge of Airstrike by Vehumet.
  3670 | Lair:3   | Killed a griffon
  3852 | Lair:6   | Reached skill level 10 in Evocations
  3853 | Lair:6   | Reached XP level 11. HP: 61/61 MP: 17/31
  3854 | Lair:6   | Reached skill level 11 in Evocations
  3979 | Lair:7   | Acquired Vehumet's third power
  4175 | Lair:6   | Offered knowledge of Mephitic Cloud by Vehumet.
  4292 | Lair:6   | Noticed a manticore
  4297 | Lair:6   | Killed a manticore
  4297 | Lair:6   | Reached skill level 12 in Evocations
  4304 | Lair:6   | Noticed a griffon
  4409 | Lair:6   | Killed a griffon
  4508 | Lair:8   | Entered Level 8 of the Lair of Beasts
  4518 | Lair:8   | Noticed a seven-headed hydra
  4528 | Lair:8   | Killed a seven-headed hydra
  4577 | Lair:8   | Reached skill level 10 in Conjurations
  4659 | Lair:8   | Offered knowledge of Bolt of Magma by Vehumet.
  4659 | Lair:8   | Reached XP level 12. HP: 63/66 MP: 16/32
  4662 | Lair:8   | Reached skill level 10 in Fire Magic
  4722 | Lair:8   | Noticed a catoblepas
  4726 | Lair:8   | Noticed a death yak
  4732 | Lair:8   | Noticed a death yak
  4733 | Lair:8   | Killed a catoblepas
  4736 | Lair:8   | Noticed a death yak
  4738 | Lair:8   | Noticed a death yak
  4742 | Lair:8   | Killed a death yak
  4745 | Lair:8   | Noticed a death yak
  4756 | Lair:8   | Killed a death yak
  4763 | Lair:8   | Killed a death yak
  4771 | Lair:8   | Killed a death yak
  4781 | Lair:8   | Killed a death yak
  4862 | Lair:8   | Noticed a deep troll shaman
  4867 | Lair:8   | Killed a deep troll shaman
  4885 | Lair:8   | Noticed a lindwurm
  4888 | Lair:8   | Killed a lindwurm
  4972 | Lair:8   | Got a distressingly furry buckler
  4976 | Lair:8   | Identified the +2 buckler of the Game of Kings {Str-3 Int+4} (You found it on level 8 of the Lair of Beasts)
  4976 | Lair:8   | hmm
  5036 | Lair:8   | Found a staircase to the Slime Pits.
  5568 | D:8      | Found a shadowy altar of Dithmenos.
  5569 | D:8      | Found a burning altar of Makhleb.
  5732 | D:9      | Found Wintog's General Store.
  5741 | D:9      | Offered knowledge of Iskenderun's Mystic Blast by Vehumet.
  5758 | D:10     | Entered Level 10 of the Dungeon
  5839 | D:10     | Found Puviosic's Magic Scroll Shop.
  5893 | D:10     | Found Ewati's Assorted Antiques.
  5896 | D:10     | Bought a transparent brass ring for 160 gold pieces
  5896 | D:10     | Bought a pitted brass ring for 160 gold pieces
  5902 | D:10     | Identified the ring "Giqeh" {rC+ Dex+2 Int-1} (You bought it in a shop on level 10 of the Dungeon)
  5904 | D:10     | Identified the ring "Phus" {Fire Str-5 Int+3} (You bought it in a shop on level 10 of the Dungeon)
  5924 | D:10     | Found Thrazissu's Armour Emporium.
  5939 | D:10     | Found Strimopil's Book Boutique.
  5995 | D:10     | Reached XP level 13. HP: 71/71 MP: 27/34
  6000 | D:10     | Noticed Grum
  6004 | D:10     | Killed Grum
  6153 | D:11     | Noticed Erica
  6165 | D:11     | Killed Erica
  6211 | D:11     | Found a staircase to the Orcish Mines.
  6213 | D:11     | Found Roghynouh's Weapon Shop.
  6255 | Orc:1    | Entered Level 1 of the Orcish Mines
  6687 | D:10     | Bought the +2 pair of boots of an ice cave {Str+3 Dex+1} for 418 gold pieces
  6740 | Orc:2    | Found an ancient bone altar of Kikubaaqudgha.
  6743 | Orc:2    | Offered knowledge of Orb of Destruction by Vehumet.
  6809 | Orc:2    | Learned a level 7 spell: Orb of Destruction
  6927 | Orc:2    | Noticed Sonja
  6929 | Orc:2    | Killed Sonja
  7058 | Orc:4    | Entered Level 4 of the Orcish Mines
  7079 | Orc:4    | Reached skill level 13 in Conjurations
  7088 | Orc:4    | Offered knowledge of Iskenderun's Battlesphere by Vehumet.
  7228 | Orc:4    | Found Isumiem's Book Shop.
  7228 | Orc:4    | Found Uzxaugio's Gadget Shoppe.
  7325 | Orc:4    | Found a roughly hewn altar of Beogh.
  7339 | Orc:4    | Shot with a bolt by an orc knight

Action                   |  1- 3 |  4- 6 |  7- 9 | 10-12 | 13-15 || total
-------------------------+-------+-------+-------+-------+-------++-------
Melee: Mace              |    51 |    46 |     9 |       |       ||   106
       Hand axe          |     7 |       |       |       |       ||     7
       Hammer            |       |     2 |     1 |       |       ||     3
       Staff             |       |       |     3 |    20 |    25 ||    48
Throw: Dart              |     7 |       |       |       |       ||     7
 Cast: Flame Tongue      |    53 |    56 |   112 |    70 |    13 ||   304
       Conjure Flame     |     2 |     5 |     9 |    32 |     5 ||    53
       Sticky Flame      |       |     6 |    20 |    61 |    14 ||   101
       Fireball          |       |       |     8 |   113 |    98 ||   219
       Orb of Destructio |       |       |       |       |     3 ||     3
Evoke: Wand              |       |       |     4 |     6 |     1 ||    11
       Staff of energy   |       |       |     9 |   138 |   105 ||   252
       Rod               |       |       |       |     2 |     2 ||     4
  Use: Potion            |     1 |     1 |       |     1 |     1 ||     4
       Scroll            |     3 |     2 |     5 |    21 |       ||    31
 Stab: Sleeping          |     1 |     3 |       |       |       ||     4

Vault maps used:
D:1:      dpeg_arrival_shelter, minivault_14, baited_tele_trap
D:2:      serial_undead, serial_undead_d, serial_undead_a, serial_undead_f,
          serial_undead_a, serial_undead_a, serial_undead_f, serial_undead_b,
          corexii_shack, uniq_jessica, uniq_terence
D:3:      kennysheep_goblin_castle, first_bread, minmay_misc_feat_iff
D:4:      lemuel_round_altar, nicolae_qazlal_style_of_elements
D:5:      serial_shops, shop_fountains, uniq_iyjb, uniq_crazy_yiuf_cottage
D:6:      minmay_temple_entry_butterflies, serial_column_ruins,
          column_ruins_hut_pillars, column_ruins_grid_3, column_ruins_grid_1,
          column_ruins_columns_straight, column_ruins_open_small,
          column_ruins_open_tiny, uniq_pikel
D:8:      gammafunk_temple_overflow_claw, gammafunk_temple_overflow_statue,
          lair_0_dummy, serial_shops, shop, grunt_ogre_cave,
          hangedman_decor_diamond_cutter
D:9:      lemuel_flame_loot_2, serial_shops, nicolae_shop_waterfront
D:10:     serial_shops, nicolae_shop_crystal, kennysheep_mini_moat,
          kennysheep_little_box, shop, uniq_grum
D:11:     orc_david_3, uniq_erica, uniq_nessos, uniq_erolcha
Temple:   water_room_temple_b_12
Orc:1:    nicolae_orc_accident_1, uniq_eustachio
Orc:2:    basic_altar, uniq_sonja
Orc:3:    nicolae_orc_pool_cavern, uniq_maurice
Orc:4:    serial_shops, nicolae_shop_statue_plus, st_orc_town
Lair:2:   lemuel_strawberry_fields
Lair:3:   minmay_stone_trees_medium
Lair:4:   nicolae_swamp_entry_splash_gauntlet
Lair:5:   minmay_snake_entry_guardpost_small, serial_bayou_crossing
Lair:6:   special_room, bobbens_dragon_lair_wall
Lair:8:   grunt_lair_end_beastmaster, slime_altar_2, minmay_hedge_maze,
          serial_bayou_shore_a, infiniplex_staircase_pool
